 Dungeon Crawl Stone Soup version 0.24-a0-258-gb86c0f735e (webtiles) character file.

Game seed: 13974054753018774571

785 Redear the Shield-Bearer (level 8, -13/64 HPs)
             Began as a Formicid Fighter on Apr 19, 2019.
             Mangled by an ogre
             ... wielding a +0 giant spiked club
              (24 damage)
             ... on level 5 of the Dungeon.
             The game lasted 00:06:34 (4358 turns).

Redear the Shield-Bearer (Formicid Fighter)         Turns: 4358, Time: 00:06:35

Health: -13/64     AC:  7    Str: 23 (26) XL:     8   Next: 11%
Magic:  8/8        EV:  9    Int:  5 (8)  God:
Gold:   275        SH: 10    Dex:  9 (12) Spells: 7/7 levels left

rFire    . . .     SeeInvis +   a - +0 war axe
rCold    . . .     Gourm    .   c - +0 shield
rNeg     . . .     Faith    .   b - +0 scale mail
rPois    .         Spirit   .   (helmet unavailable)
rElec    .         Reflect  .   (no cloak)
rCorr    .         Harm     .   (no gloves)
MR       .....                  (no boots)
Stlth    ..........             (no amulet)
HPRegen  0.20/turn              (no ring)
MPRegen  0.11/turn              (no ring)

@: mighty
A: permanent stasis, dig shafts and tunnels, four strong arms, antennae 3
a: Dig, Shaft Self


You were on level 5 of the Dungeon.
You were not hungry.

You visited 2 branches of the dungeon, and saw 6 of its levels.

You collected 275 gold pieces.

Inventory:

Hand Weapons
 a - a +0 war axe (weapon)
Armour
 b - a +0 scale mail (worn)
 c - a +0 shield (worn)
 q - a +2 pair of boots
Jewellery
 j - an uncursed ring of protection from magic {unknown}
 n - an uncursed amulet of the acrobat {unknown}
 o - an uncursed ring of wizardry {Wiz+}
 r - an uncursed ring of stealth {unknown}
 u - a cursed ring of attention {unknown}
Wands
 P - a wand of paralysis (4)
 V - a wand of flame (20)
Scrolls
 e - a scroll of blinking {unknown}
 f - a scroll of magic mapping {unknown}
 g - a scroll of enchant armour {unknown}
 i - a scroll of fear
 k - 4 scrolls of identify {unknown}
 m - a scroll of fog {unknown}
 p - a scroll of random uselessness {unknown}
 s - 2 scrolls of noise {unknown}
 N - 2 scrolls of remove curse
Potions
 d - a potion of might {Str+5 DMG+1d10 | @q3}
 h - a potion of brilliance {Archmagi Int+5 Wiz++}
 l - a potion of flight
Comestibles
 z - 3 rations


   Skills:
 + Level 5.6 Fighting
 + Level 4.7 Axes
 + Level 5.6 Armour
 + Level 6.1 Shields


You had 7 spell levels left.
You didn't know any spells.
Your spell library was empty.

Dungeon Overview and Level Annotations

Branches:
Dungeon (5/15)             Temple (1/1) D:4

Altars:
Cheibriados
Fedhas
Gozag
Hepliaklqana
Makhleb
Nemelex Xobeh
Qazlal
Ru
Sif Muna
Trog
Vehumet
Wu Jian
Xom
Yredelemnul
Zin
The Shining One

Shops:
D:4 }

Annotations:
D:4 3 runed translucent doors, xoxolimbo's ghost, amateur DsFE


Innate Abilities, Weirdness & Mutations

You cannot be hasted, slowed, berserked, paralysed or teleported.
You can dig through walls and to a lower floor.
Your four strong arms can wield two-handed weapons with a shield.
You have a pair of large antennae on your head. (SInv)


Message History

You barely miss the ogre.
The ogre is moderately wounded.
You block the ogre's attack.
You hit the ogre.
The ogre is moderately wounded.
Unknown command.
It was a potion of degeneration.
There was something very wrong with that liquid.
You feel weakened.
You feel dopey.
You feel clumsy. You block the ogre's attack.
Unknown command.
Okay, then.
You feel very mighty all of a sudden.
The ogre hits you with a +0 giant spiked club.
* * * LOW HITPOINT WARNING * * *
You take 1 damage, and have 10/64 hp.
You slash the ogre!
The ogre is severely wounded.
The ogre hits you with a +0 giant spiked club!!
You die...

........####...####.##
......#......###..#..#
......#..##.##....##.##
..........#..#.....#..#
###..#..#.##.##....##.##
#.###.#.##..#..#.#...#
..........##.####...#
...#.##....#..#...##
..#..##...##@..###
.........#.#O###
.......##..#S#
########...#.. #####.##.
#..##..#.[#.....#.
P._...#.#...##.##....#
... P...P
##.#...#..#O.## ## ...
PP.^ #####.##.####
#####.


You could see an ogre and an adder.

Vanquished Creatures
  An ogre (D:5)
  A centaur (D:5)
  A crimson imp (D:5)
  A howler monkey (D:4)
  A jelly (D:5)
  2 orc priests
  2 hounds (D:5)
  2 orc wizards
  A bullfrog skeleton (D:4)
  Natasha (thrice) (D:3)
  3 worker ants
  Robin (D:3)
  4 adders
  3 shadow imps (D:5)
  5 worms
  2 dart slugs
  6 leopard geckos
  6 orcs
  4 bats (D:1)
  7 giant cockroaches
  6 hobgoblins
  3 quokkas
  3 frilled lizards (D:1)
  19 goblins
  6 kobolds
  6 rats
99 creatures vanquished.

Notes
Turn   | Place    | Note
-------+----------+-------------------------------------------
     0 | D:1      | Redear the Formicid Fighter began the quest for the Orb.
     0 | D:1      | Reached XP level 1. HP: 18/18 MP: 1/1
    45 | D:1      | Reached XP level 2. HP: 16/24 MP: 2/2
   224 | D:1      | Reached XP level 3. HP: 29/29 MP: 3/3
   234 | D:1      | Reached skill level 4 in Shields
   585 | D:2      | Found an ornate altar of the Wu Jian Council.
   702 | D:2      | Reached XP level 4. HP: 28/37 MP: 4/4
   774 | D:2      | Found a deep blue altar of Sif Muna.
   990 | D:2      | You fall through a shaft!
  1019 | D:3      | Noticed Natasha
  1029 | D:3      | Killed Natasha
  1029 | D:3      | Reached skill level 4 in Armour
  1030 | D:3      | Reached skill level 4 in Fighting
  1035 | D:3      | Reached skill level 3 in Axes
  1035 | D:3      | Reached XP level 5. HP: 28/42 MP: 5/5
  1255 | D:3      | Found a sparkling altar of Nemelex Xobeh.
  1257 | D:3      | Noticed Robin
  1285 | D:3      | Killed Robin
  1400 | D:3      | Reached XP level 6. HP: 33/49 MP: 6/6
  1456 | D:3      | Noticed Natasha
  1476 | D:3      | Killed Natasha
  1744 | D:3      | Noticed Natasha
  1752 | D:3      | Killed Natasha
  1752 | D:3      | Reached skill level 5 in Shields
  1832 | D:3      | Found a faded altar of an unknown god.
  1971 | D:4      | HP: 4/49 [poisoned by a worker ant]
  2269 | D:4      | Reached XP level 7. HP: 37/55 MP: 7/7
  2280 | D:4      | Reached skill level 5 in Fighting
  2313 | D:4      | Reached skill level 4 in Axes
  2313 | D:4      | Reached skill level 5 in Armour
  2569 | D:4      | Found a staircase to the Ecumenical Temple.
  2601 | Temple   | Entered the Ecumenical Temple
  2988 | D:4      | Found a radiant altar of Vehumet.
  3121 | D:4      | Found Jeqimila's Gadget Shop.
  3194 | D:4      | Found a runed translucent gate.
  3195 | D:4      | Found a runed translucent gate.
  3196 | D:4      | Found a runed translucent gate.
  3198 | D:4      | Noticed xoxolimbo's ghost (amateur DsFE)
  3513 | D:5      | Entered Level 5 of the Dungeon
  3527 | D:5      | Found a sacrificial altar of Ru.
  3578 | D:5      | HP: 2/56 [crimson imp (4)]
  4016 | D:5      | Found a glowing silver altar of Zin.
  4080 | D:5      | Reached skill level 6 in Shields
  4169 | D:5      | Reached XP level 8. HP: 43/63 MP: 8/8
  4358 | D:5      | Mangled by an ogre

Levels and vault maps discovered:
D:1:      sevenhm_arrival_forest_fort_small_6, layout_rooms
D:2:      layout_loops_cross, marbit_many_paths, lemuel_coloured_pillars_altar,
          overflow_temple_1_default, first_ration, serial_bayou_lake_a
D:3:      layout_loops_ring, nemelex_xobeh_ov_fountains_minmay,
          chequers_ecumenical_altar_grove, uniq_natasha, uniq_robin
D:4:      layout_basic, minmay_temple_entry_glass, serial_shops, shop,
          gammafunk_ghost_necromancy, hangedman_decor_peaks_small,
          eino_small_chamber_without_monster, grunt_decor_cap,
          vehumet_altar_wand_db
D:5:      minmay_skewed_foursquare, layout_cave_pools,
          nicolae_overflow_crystal_walls, nicolae_ru_the_path_less_chosen
Temple:   minmay_temple_bridge_abc

Skill      XL: |  1  2  3  4  5  6  7 |
---------------+----------------------+-----
Shields        | 4 5 6 |  6.1
Armour         | 4 5 |  5.6
Fighting       | 4 5 |  5.6
Axes           | 3 4 |  4.7

Action                   |  1- 3 |  4- 6 |  7- 9 || total
-------------------------+-------+-------+-------++-------
Melee: War axe           |    88 |   170 |   108 ||   366
  Use: Potion            |       |     3 |     3 ||     6
       Scroll            |       |     2 |       ||     2
  Eat: Chunk             |       |     3 |     2 ||     5
       Ration            |       |     1 |     1 ||     2
Armor: Scale mail        |    42 |    65 |    32 ||   139
Dodge: Dodged            |    31 |    47 |    35 ||   113
Block: Shield            |    43 |   101 |    57 ||   201

Table legend:
 A = Non-vault XP
 B = Vault XP
 C = Vault XP percentage of total XP
 D = Non-vault monster count
 E = Vault monster count
 F = Vault count percentage of total count
                 A         B        C        D         E       F
            +---------+---------+-------+---------+---------+-------
      Total |    1044 |      78 |   7.0 |      84 |      15 |  15.2
            +---------+---------+-------+---------+---------+-------
        D:1 |      42 |       0 |   0.0 |      25 |       0 |   0.0
        D:2 |      39 |       4 |   9.3 |      12 |       1 |   7.7
        D:3 |     205 |      72 |  26.0 |      21 |      13 |  38.2
        D:4 |     281 |       2 |   0.7 |      13 |       1 |   7.1
        D:5 |     477 |       0 |   0.0 |      13 |       0 |   0.0
            +---------+---------+-------+---------+---------+-------
